 Dungeon Crawl Stone Soup version 0.31-a0-489-g282fc92437 (webtiles) character file.

Game seed: 1576108062263739456

2 Bnni the Sneak (level 1, -2/11 HPs)
             Began as a Vine Stalker Brigand on Aug 8, 2023.
             Slain by a quokka (3 damage)
             ... on level 1 of the Dungeon.
             The game lasted 00:00:14 (25 turns).

Bnni the Sneak (Vine Stalker Brigand)                 Turns: 25, Time: 00:00:15

Health: -2/11      AC:  3    Str: 13    XL:     1   Next: 40%
Magic:  0/2        EV:  8    Int: 11    God:
Gold:   0          SH:  0    Dex: 15    Spells: 0/0 levels left

rFire   . . .        a - +2 dagger
rCold   . . .        (no shield)
rNeg    . . .        b - +0 robe
rPois   .            (no helmet)
rElec   .            c - +0 cloak
rCorr   .            (no gloves)
SInv    .            (no boots)
Will    .....        (no amulet)
Stlth   +++          (no ring)
HPRegen 0.21/turn    (no ring)
MPRegen 0.08/turn

%: guardian spirit
@: constricted
A: fangs 2, magic shield, antimagic bite, no potion heal 2
a: no special abilities


You were on level 1 of the Dungeon.
You visited 1 branch of the dungeon, and saw 1 of its levels.

Inventory:

Hand Weapons
 a - a +2 dagger (weapon)
Missiles
 d - 9 poisoned darts (quivered)
 e - 3 curare-tipped darts
Armour
 b - a +0 robe (worn)
 c - a +0 cloak (worn)


   Skills:
 + Level 1.8 Fighting
 * Level 1.9 Short Blades
 - Level 1.7 Throwing
 - Level 0.7 Dodging
 + Level 4.8 Stealth


You couldn't memorise any spells.
You didn't know any spells.
Your spell library was empty.

Dungeon Overview and Level Annotations

Branches:
Dungeon (1/15)

Altars:


Innate Abilities, Weirdness & Mutations

You have extremely sharp teeth.
When hurt, damage is shared between your health and your magic reserves.
Your bite disrupts and absorbs the magic of your enemies.
Potions cannot restore your health.


Message History

You hit the rat.
You kill the rat!
The goblin shouts!
You hear an angry hiss.
Found a stone staircase leading down.
You hit the ball python.
You kill the ball python!
Found a stone staircase leading down.
The quokka closely misses you.
You hit the quokka but do no damage.
A ball python comes into view.
The quokka bites you.
You hit the goblin. Your bite misses the goblin.
The goblin is almost dead.
The goblin hits you with a +0 dagger. The quokka bites you.
You hit the goblin but do no damage.
The goblin is almost dead.
The goblin completely misses you. The quokka bites you.
A dart slug comes into view.
You are too injured to fight recklessly!
You hit the goblin.
You kill the goblin!
The quokka bites you. The quokka barely misses you.
You hit the quokka.
The quokka is lightly wounded.
The quokka bites you but does no damage.
You miss the quokka.
The quokka is lightly wounded.
The quokka bites you.
* * * LOW HITPOINT WARNING * * *
The ball python bites you but does no damage.
The ball python grabs you. The ball python constricts you.
The quokka bites you.
* * * LOW HITPOINT WARNING * * *
The ball python bites you but does no damage.
The ball python constricts you.
You hit the quokka.
The quokka is severely wounded.
The ball python bites you but does no damage.
The ball python constricts you. The quokka bites you.
You die...

#.$.# .. ... #...#
.##.. #...# ..>. #...#
..# #...####..#
#######.........##
.......$.....?...#
#.#######....r)..#.#.
#.# ###.#...@Sw.....
##'####..##...........
+...'..#####.###....>.
#.<.#### #.# ......
+...+ ..# ...... ##+##
#..# ..... #.. #.>.#
#.#.


You could see a dart slug, a quokka and a ball python.

Vanquished Creatures
  A goblin (D:1)
  A ball python (D:1)
  A rat (D:1)
3 creatures vanquished.

Notes
Turn   | Place    | Note
-------+----------+-------------------------------------------
     0 | D:1      | Bnni the Vine Stalker Brigand began the quest for the Orb.
     0 | D:1      | Reached XP level 1. HP: 11/11 MP: 2/2
    25 | D:1      | Slain by a quokka

Illustrated notes

Levels and vault maps discovered:
D:1:      dpeg_arrival_radiant, layout_loops_cross, hangedman_decor_growths,
          minmay_vboxes

Action                     || total
---------------------------++-------
  Melee: Dagger            ||     9
 Armour: Robe              ||     4
  Dodge: Dodged            ||     3

Table legend: (Time is in decaauts)
 A = Elapsed time spent in this place.
 B = Non-inter-level travel time spent in this place.
 C = Inter-level travel time spent in this place.
 D = Time resting spent in this place.
 E = Time spent auto-exploring this place.
 F = Levels seen in this place.
 G = Mean time per level.
                   A        B        C        D        E       F      G
               +--------+--------+--------+--------+--------+-----+--------+
         Total |     24 |     24 |      0 |      0 |      8 |   1 |   24.0 |
       Dungeon |     24 |     24 |      0 |      0 |      8 |   1 |   24.0 |
               +--------+--------+--------+--------+--------+-----+--------+

Top non-repeatable levels by time:
     D:1: 24 daAuts
